| TOP OF THE 1ST |
|
Cincinnati (NYP) Reds batting - Pitching for Williamsport Crosscutters : RHP Dale Turner
|
|
Pitching: RHP Dale Turner
|
|
|
Batting: RHB Cyd Carver
|
0-0: Ball 1-0: Foul Ball, location: 2F 1-1: Ball 2-1: SOLO HOME RUN (Flyball, 7D, EV 98.1 MPH), Distance : 382 ft
|
|
Batting: RHB Sang-ton Pak
|
0-0: Called Strike 0-1: Foul Ball, location: 2F 0-2: Fly out, F7 (Flyball, 7D, EV 96.2 MPH)
|
|
Batting: RHB Juan Zamora
|
0-0: Ball 1-0: Foul Ball, location: 2F 1-1: Called Strike 1-2: Foul Ball, location: 2F 1-2: DOUBLE (Line Drive, 78D, EV 109.4 MPH)
|
|
Batting: LHB Matt Kennedy
|
0-0: Called Strike 0-1: Foul Ball, location: 2F 0-2: Ball 1-2: Ball 2-2: Ball 3-2: Strikes out swinging
|
|
Batting: LHB Brian Dickeson
|
0-0: Ball 1-0: Ball 2-0: Swinging Strike 2-1: Ball 3-1: Foul Ball, location: 2F 3-2: Base on Balls
|
|
Batting: SHB Jaivata Mohanty
|
0-0: Foul Ball, location: 2F 0-1: Ball 1-1: Ball 2-1: Fielders Choice at 2nd, 6-4 (Groundball, 6, EV 78.8 MPH)
|
| Top of the 1st over - 1 run, 2 hits, 0 errors, 2 left on base; Cincinnati (NYP) 1 - Williamsport 0 |
| BOTTOM OF THE 1ST |
|
Williamsport Crosscutters batting - Pitching for Cincinnati (NYP) Reds : LHP Bill Cooksey
|
|
Pitching: LHP Bill Cooksey
|
|
|
Batting: RHB Gary Sampson
|
0-0: Foul Ball, location: 2F 0-1: Ball 1-1: Called Strike 1-2: Strikes out swinging
|
|
Batting: SHB Marco de Leon
|
0-0: Called Strike 0-1: Swinging Strike 0-2: Foul Ball, location: 2F 0-2: Foul Ball, location: 2F 0-2: Foul Ball, location: 2F 0-2: Foul Ball, location: 2F 0-2: Strikes out swinging
|
|
Batting: RHB Carlos Morejon
|
0-0: Ground out 5-3 (Groundball, 5L, EV 80.0 MPH)
|
| Bottom of the 1st over - 0 runs, 0 hits, 0 errors, 0 left on base; Cincinnati (NYP) 1 - Williamsport 0 |
| TOP OF THE 2ND |
|
Cincinnati (NYP) Reds batting - Pitching for Williamsport Crosscutters : RHP Dale Turner
|
|
Batting: RHB John Galluzzo
|
0-0: Ball 1-0: Ground out 6-3 (Groundball, 6, EV 82.5 MPH)
|
|
Batting: RHB Tim Walter
|
0-0: Foul Ball, location: 2F 0-1: Ball 1-1: Foul Ball, location: 2F 1-2: Foul Ball, location: 2F 1-2: Ball 2-2: Strikes out swinging, 2-3 out at first.
|
|
Batting: RHB John Hopkins
|
0-0: Foul Ball, location: 2F 0-1: Ball 1-1: Foul Ball, location: 2F 1-2: Ground out 4-3 (Groundball, 34, EV 79.4 MPH)
|
| Top of the 2nd over - 0 runs, 0 hits, 0 errors, 0 left on base; Cincinnati (NYP) 1 - Williamsport 0 |
| BOTTOM OF THE 2ND |
|
Williamsport Crosscutters batting - Pitching for Cincinnati (NYP) Reds : LHP Bill Cooksey
|
|
Batting: SHB Brett St. Clair
|
0-0: Called Strike 0-1: Ball 1-1: Swinging Strike 1-2: Strikes out swinging
|
|
Batting: RHB Antonio Lara
|
0-0: Called Strike 0-1: Ball 1-1: Foul Ball, location: 2F 1-2: Fly out, F4 (Flyball, 4D, EV 91.2 MPH)
|
|
Batting: LHB Rich Kuehne
|
0-0: Ball 1-0: Fly out, F8 (Flyball, 8RM, EV 88.8 MPH)
|
| Bottom of the 2nd over - 0 runs, 0 hits, 0 errors, 0 left on base; Cincinnati (NYP) 1 - Williamsport 0 |
| TOP OF THE 3RD |
|
Cincinnati (NYP) Reds batting - Pitching for Williamsport Crosscutters : RHP Dale Turner
|
|
Batting: RHB Cyd Carver
|
0-0: Ball 1-0: Ball 2-0: Foul Ball, location: 2F 2-1: Called Strike 2-2: Strikes out swinging
|
|
Batting: RHB Sang-ton Pak
|
0-0: Ball 1-0: Ground out 1-3 (Groundball, 34S, EV 75.6 MPH)
|
|
Batting: RHB Juan Zamora
|
0-0: Ball 1-0: Called Strike 1-1: Fly out, F4 (Popup, 4S, EV 73.1 MPH)
|
| Top of the 3rd over - 0 runs, 0 hits, 0 errors, 0 left on base; Cincinnati (NYP) 1 - Williamsport 0 |
| BOTTOM OF THE 3RD |
|
Williamsport Crosscutters batting - Pitching for Cincinnati (NYP) Reds : LHP Bill Cooksey
|
|
Batting: RHB Danny Habermehl
|
0-0: Ball 1-0: Ball 2-0: Called Strike 2-1: Ball 3-1: Called Strike 3-2: Base on Balls
|
|
Batting: RHB Bobby Matyas
|
0-0: Called Strike 0-1: Ball 1-1: Foul Ball, location: 2F 1-2: Strikes out swinging
|
|
Batting: SHB Miguel Sierra
|
0-0: Ball 1-0: Grounds into double play, 6-4-3 (Groundball, 6, EV 93.1 MPH)
|
| Bottom of the 3rd over - 0 runs, 0 hits, 0 errors, 0 left on base; Cincinnati (NYP) 1 - Williamsport 0 |
| TOP OF THE 4TH |
|
Cincinnati (NYP) Reds batting - Pitching for Williamsport Crosscutters : RHP Dale Turner
|
|
Batting: LHB Matt Kennedy
|
0-0: Ball 1-0: Ground out 4-3 (Groundball, 4, EV 78.1 MPH)
|
|
Batting: LHB Brian Dickeson
|
0-0: Called Strike 0-1: Ball 1-1: Swinging Strike 1-2: Ball 2-2: Strikes out swinging
|
|
Batting: SHB Jaivata Mohanty
|
0-0: Ball 1-0: Ball 2-0: Ball 3-0: Called Strike 3-1: Called Strike 3-2: Foul Ball, location: 2F 3-2: Base on Balls
|
|
Batting: RHB John Galluzzo
|
0-0: Called Strike 0-1: Foul Ball, location: 2F 0-2: Ball 1-2: Foul Ball, location: 2F 1-2: Foul Ball, location: 2F 1-2: Ground out 5-3 (Groundball, 56S, EV 92.5 MPH)
|
| Top of the 4th over - 0 runs, 0 hits, 0 errors, 1 left on base; Cincinnati (NYP) 1 - Williamsport 0 |
| BOTTOM OF THE 4TH |
|
Williamsport Crosscutters batting - Pitching for Cincinnati (NYP) Reds : LHP Bill Cooksey
|
|
Batting: RHB Gary Sampson
|
0-0: Called Strike 0-1: SINGLE (Groundball, 6S, EV 66.9 MPH) (infield hit)
|
|
Batting: SHB Marco de Leon
|
0-0: Ball 1-0: Ball 2-0: Called Strike 2-1: Ball 3-1: Foul Ball, location: 2F 3-2: Base on Balls Gary Sampson to second
|
|
Batting: RHB Carlos Morejon
|
0-0: Fly out, F7 (Flyball, 78S, EV 91.2 MPH)
|
|
Batting: SHB Brett St. Clair
|
0-0: Called Strike 0-1: Foul Ball, location: 2F 0-2: Ball 1-2: Grounds into double play, 4-6-3 (Groundball, 34, EV 81.2 MPH)
|
| Bottom of the 4th over - 0 runs, 1 hit, 0 errors, 1 left on base; Cincinnati (NYP) 1 - Williamsport 0 |
| TOP OF THE 5TH |
|
Cincinnati (NYP) Reds batting - Pitching for Williamsport Crosscutters : RHP Dale Turner
|
|
Batting: RHB Tim Walter
|
0-0: Ball 1-0: Called Strike 1-1: Fly out, F4 (Line Drive, 4, EV 69.4 MPH)
|
|
Batting: RHB John Hopkins
|
0-0: Ball 1-0: Ground out 4-3 (Groundball, 4M, EV 88.8 MPH)
|
|
Batting: RHB Cyd Carver
|
0-0: Swinging Strike 0-1: Ball 1-1: Ball 2-1: Foul Ball, location: 2F 2-2: Strikes out swinging, 2-3 out at first.
|
| Top of the 5th over - 0 runs, 0 hits, 0 errors, 0 left on base; Cincinnati (NYP) 1 - Williamsport 0 |
| BOTTOM OF THE 5TH |
|
Williamsport Crosscutters batting - Pitching for Cincinnati (NYP) Reds : LHP Bill Cooksey
|
|
Batting: RHB Antonio Lara
|
0-0: Foul Ball, location: 2F 0-1: Hit by Pitch
|
|
Batting: LHB Rich Kuehne
|
0-0: Called Strike 0-1: Ball 1-1: Ball 2-1: Fielders Choice at 2nd, 5-4 (Groundball, 5, EV 85.6 MPH)
|
|
Batting: RHB Danny Habermehl
|
0-0: Called Strike 0-1: Called Strike 0-2: Ball 1-2: Ball 2-2: Ball 3-2: Foul Ball, location: 2F 3-2: Ground out 4-3 (Groundball, 34D, EV 78.1 MPH) Rich Kuehne to second
|
|
Batting: RHB Bobby Matyas
|
0-0: Called Strike 0-1: Ball 1-1: Ball 2-1: SINGLE (Groundball, 56S, EV 63.8 MPH) (infield hit) Rich Kuehne to third
|
|
Batting: SHB Miguel Sierra
|
0-0: Foul Ball, location: 2F 0-1: Swinging Strike 0-2: Foul Ball, location: 2F 0-2: Ball 1-2: Foul Ball, location: 2F 1-2: Ball 2-2: Strikes out swinging
|
| Bottom of the 5th over - 0 runs, 1 hit, 0 errors, 2 left on base; Cincinnati (NYP) 1 - Williamsport 0 |
| TOP OF THE 6TH |
|
Cincinnati (NYP) Reds batting - Pitching for Williamsport Crosscutters : RHP Dale Turner
|
|
Pitching: RHP Chris Petrey
|
|
|
Batting: RHB Sang-ton Pak
|
0-0: Ball 1-0: Called Strike 1-1: Foul Ball, location: 2F 1-2: Ball 2-2: SINGLE (Line Drive, 8RS, EV 97.5 MPH)
|
|
Batting: RHB Juan Zamora
|
0-0: Called Strike 0-1: DOUBLE (Line Drive, 7LS, EV 105.6 MPH) Sang-ton Pak to third Runner from 3rd tries for Home, throw by LF and OUT! 7-6-2 Runner from 2nd tries for 3rd, throw by C and ERROR! Runner scores!
|
|
Batting: LHB Matt Kennedy
|
0-0: Ball 1-0: Ball 2-0: Swinging Strike 2-1: Foul Ball, location: 2F 2-2: Ball 3-2: Ground out 5-3 (Groundball, 56, EV 80.6 MPH)
|
|
Batting: LHB Brian Dickeson
|
0-0: Ball 1-0: Ball 2-0: Called Strike 2-1: Ball 3-1: Ground out U3 (Groundball, 3, EV 94.4 MPH)
|
| Top of the 6th over - 1 run, 2 hits, 0 errors, 0 left on base; Cincinnati (NYP) 2 - Williamsport 0 |
| BOTTOM OF THE 6TH |
|
Williamsport Crosscutters batting - Pitching for Cincinnati (NYP) Reds : LHP Bill Cooksey
|
|
Batting: RHB Gary Sampson
|
0-0: Ball 1-0: Ball 2-0: Swinging Strike 2-1: Ball 3-1: Called Strike 3-2: Base on Balls
|
|
Batting: SHB Marco de Leon
|
0-0: Ball 1-0: Ball 2-0: Ball 3-0: Base on Balls Gary Sampson to second
|
|
Batting: RHB Carlos Morejon
|
0-0: Ball 1-0: SINGLE (Groundball, 6, EV 99.4 MPH) Gary Sampson to third Marco de Leon to second Runner from 3rd tries for Home, SAFE, throw by CF to home
|
|
Batting: SHB Brett St. Clair
|
0-0: SINGLE (Groundball, 56S, EV 71.9 MPH) (infield hit) Marco de Leon to third Carlos Morejon to second
|
|
Batting: RHB Antonio Lara
|
0-0: Ball 1-0: Called Strike 1-1: Foul Ball, location: 2F 1-2: Strikes out swinging
|
|
Batting: LHB Rich Kuehne
|
0-0: Foul Ball, location: 2F 0-1: Ball 1-1: Ball 2-1: Single, Error in OF, E8, batter to second base (Line Drive, 89M, EV 100.6 MPH) Marco de Leon scores Carlos Morejon scores Brett St. Clair to third
|
|
Batting: RHB Danny Habermehl
|
0-0: Swinging Strike 0-1: Foul Ball, location: 2F 0-2: Ball 1-2: Strikes out swinging
|
|
Pitching: RHP Vic Flores
|
|
|
Batting: RHB Bobby Matyas
|
0-0: Foul Ball, location: 2F 0-1: Foul Ball, location: 2F 0-2: SINGLE (Groundball, 4D, EV 101.2 MPH) Brett St. Clair scores Rich Kuehne to third Runner from 3rd tries for Home, SAFE, throw by CF to home Bobby Matyas to second
|
|
Batting: SHB Miguel Sierra
|
0-0: Called Strike 0-1: Foul Ball, location: 2F 0-2: Ball 1-2: Strikes out swinging
|
| Bottom of the 6th over - 5 runs, 4 hits, 1 error, 1 left on base; Cincinnati (NYP) 2 - Williamsport 5 |
| TOP OF THE 7TH |
|
Cincinnati (NYP) Reds batting - Pitching for Williamsport Crosscutters : RHP Chris Petrey
|
|
Batting: SHB Jaivata Mohanty
|
0-0: Ball 1-0: Foul Ball, location: 2F 1-1: Swinging Strike 1-2: Ball 2-2: Strikes out swinging
|
|
Batting: RHB John Galluzzo
|
0-0: Ball 1-0: Ground out 1-3 (Groundball, 15S, EV 71.2 MPH)
|
|
Batting: RHB Tim Walter
|
0-0: Ball 1-0: Called Strike 1-1: Fly out, F4 (Line Drive, 34D, EV 70.6 MPH)
|
| Top of the 7th over - 0 runs, 0 hits, 0 errors, 0 left on base; Cincinnati (NYP) 2 - Williamsport 5 |
| BOTTOM OF THE 7TH |
|
Williamsport Crosscutters batting - Pitching for Cincinnati (NYP) Reds : RHP Vic Flores
|
|
Batting: RHB Gary Sampson
|
0-0: Ball 1-0: Called Strike 1-1: Swinging Strike 1-2: Foul Ball, location: 2F 1-2: Ball 2-2: Ball 3-2: Ground out 4-3 (Groundball, 4, EV 90.6 MPH)
|
|
Batting: SHB Marco de Leon
|
0-0: Ball 1-0: Called Strike 1-1: Foul Ball, location: 2F 1-2: Ball 2-2: Foul Ball, location: 2F 2-2: Foul Ball, location: 2F 2-2: Ball 3-2: Strikes out swinging
|
|
Batting: RHB Carlos Morejon
|
0-0: Ball 1-0: Called Strike 1-1: Called Strike 1-2: Ball 2-2: Foul Ball, location: 2F 2-2: Fly out, F8 (Flyball, 89M, EV 81.9 MPH)
|
| Bottom of the 7th over - 0 runs, 0 hits, 0 errors, 0 left on base; Cincinnati (NYP) 2 - Williamsport 5 |
| TOP OF THE 8TH |
|
Cincinnati (NYP) Reds batting - Pitching for Williamsport Crosscutters : RHP Chris Petrey
|
|
Batting: SHB Kristian Kristensen
|
0-0: Ball 1-0: SINGLE (Groundball, 56D, EV 98.8 MPH)
|
|
Pinch Hitting: LHB Steven Wamble
|
0-0: Ball 1-0: Ball 2-0: Ball 3-0: Base on Balls Kristian Kristensen to second
|
|
Pitching: RHP Francisco Tejada
|
|
|
Batting: RHB Sang-ton Pak
|
0-0: Ball 1-0: Ball 2-0: Fly out, F6 (Line Drive, 6D, EV 72.5 MPH)
|
|
Batting: RHB Juan Zamora
|
0-0: Foul Ball, location: 2F 0-1: SINGLE (Line Drive, 9S, EV 113.1 MPH) Kristian Kristensen to third Steven Wamble to second
|
|
Batting: LHB Matt Kennedy
|
0-0: Foul Ball, location: 2F 0-1: Ball 1-1: Called Strike 1-2: Grounds into fielders choice 6-2 (Groundball, 6, EV 82.5 MPH) Steven Wamble to third Juan Zamora to second
|
|
Batting: LHB Brian Dickeson
|
0-0: Ball 1-0: Ball 2-0: Ball 3-0: Base on Balls Steven Wamble scores Juan Zamora to third Matt Kennedy to second
|
|
Batting: SHB Jaivata Mohanty
|
0-0: Called Strike 0-1: Ball 1-1: Foul Ball, location: 2F 1-2: Ball 2-2: Fielders Choice at 2nd, 5-4 (Groundball, 5L, EV 106.2 MPH)
|
| Top of the 8th over - 1 run, 2 hits, 0 errors, 3 left on base; Cincinnati (NYP) 3 - Williamsport 5 |
| BOTTOM OF THE 8TH |
|
Williamsport Crosscutters batting - Pitching for Cincinnati (NYP) Reds : RHP Vic Flores
|
|
Now at SS: Yasusaburo Kuwahara
|
|
|
Batting: SHB Brett St. Clair
|
0-0: Foul Ball, location: 2F 0-1: Ball 1-1: Ball 2-1: Ball 3-1: Fly out, F8 (Flyball, 8LM, EV 85.6 MPH)
|
|
Batting: RHB Antonio Lara
|
0-0: Called Strike 0-1: SINGLE (Line Drive, 5D, EV 96.9 MPH)
|
|
Pitching: LHP Israel Serrano
|
|
|
Batting: LHB Rich Kuehne
|
0-0: Ball 1-0: Ball 2-0: Ball 3-0: Base on Balls Antonio Lara to second
|
|
Pitching: RHP Nick Miller
|
|
|
Batting: RHB Danny Habermehl
|
0-0: Grounds into double play, 5-4-3 (Groundball, 56, EV 84.4 MPH)
|
| Bottom of the 8th over - 0 runs, 1 hit, 0 errors, 1 left on base; Cincinnati (NYP) 3 - Williamsport 5 |
| TOP OF THE 9TH |
|
Cincinnati (NYP) Reds batting - Pitching for Williamsport Crosscutters : RHP Francisco Tejada
|
|
Pitching: RHP Seizaburo Takahashi
|
|
|
Batting: RHB John Galluzzo
|
0-0: Ball 1-0: Ground out 3-1 (Groundball, 34S, EV 78.1 MPH)
|
|
Pinch Hitting: SHB Tim Utz
|
0-0: Ball 1-0: Called Strike 1-1: Foul Ball, location: 3F, Error on foul ball, E3 1-2: Ball 2-2: Ball 3-2: Ground out U3 (Groundball, 3S, EV 71.9 MPH)
|
|
Batting: SHB Kristian Kristensen
|
0-0: Ball 1-0: Ground out 6-3 (Groundball, 6, EV 86.2 MPH)
|
| Top of the 9th over - 0 runs, 0 hits, 1 error, 0 left on base; Cincinnati (NYP) 3 - Williamsport 5 |
|